 Dungeon Crawl Stone Soup version 0.17.0-23-g0de4337 (webtiles) character file.

1029 septik the Twirler (level 8, -29/49 HPs)
             Began as a Gargoyle Gladiator on Nov 14, 2015.
             Was an Initiate of Okawaru.
             Killed from afar by hadoken's ghost (33 damage)
             ... with an orb of energy
             ... on level 5 of the Dungeon.
             The game lasted 00:07:37 (4386 turns).

septik the Twirler (Gargoyle Gladiator)             Turns: 4386, Time: 00:07:37

Health: -29/49     AC: 16    Str: 18    XL:     8   Next: 23%
Magic:  8/8        EV: 12    Int: 10    God:    Okawaru [......]
Gold:   132        SH:  0    Dex: 12    Spells: 0 memorised, 7 levels left

rFire  . . .     SeeInvis .     a - +0 quarterstaff
rCold  . . .     Clarity  .     m - +0 chain mail
rNeg   + . .     SustAt   .     (shield currently unavailable)
rPois  ∞         Gourm    .     c - +0 helmet
rElec  +         Spirit   .     (no cloak)
rCorr  .         Warding  .     (no gloves)
rMut   .         Stasis   .     (no boots)
MR     .....                    (no amulet)
Stlth  ..........               D - ring of loudness (curse)
                                n - +3 ring of evasion

@: not resistant to hostile enchantments, extremely unstealthy
A: negative energy resistance 1, electricity resistance, unbreathing,
petrification resistance, rot immunity, AC +5
a: Renounce Religion


You were on level 5 of the Dungeon.
You worshipped Okawaru.
Okawaru was noncommittal.
You were not hungry.

You visited 2 branches of the dungeon, and saw 6 of its levels.
You also visited: Ossuary.

You collected 132 gold pieces.

Inventory:

Hand Weapons
 a - a +0 quarterstaff (weapon)
Missiles
 d - a throwing net (quivered)
Armour
 b - a +0 leather armour
 c - a +0 helmet (worn)
 m - a +0 chain mail (worn)
Jewellery
 n - a +3 ring of evasion (left hand)
 D - a cursed ring of loudness (right hand)
 E - a cursed ring of teleportation {unknown}
Wands
 f - a wand of slowing (12)
Scrolls
 g - 2 scrolls of fear {unknown}
 k - 2 scrolls of teleportation {unknown}
 l - 5 scrolls of enchant weapon {unknown}
 o - 4 scrolls of fog {unknown}
 u - a scroll of identify {unknown}
 w - a scroll of enchant armour {unknown}
 y - a scroll of remove curse {unknown}
Potions
 j - 2 potions of haste {unknown}
 p - 2 potions of curing {unknown}
 q - 3 potions of flight {unknown}
 r - 3 potions of might {unknown}
 s - 3 potions of lignification {unknown}
 t - 2 potions of brilliance {unknown}
 v - 2 potions of heal wounds
 x - 2 potions of invisibility {unknown}
 A - a potion of poison {unknown}
 C - a potion of agility {unknown}
Comestibles
 e - 2 bread rations
 h - 3 fruits
 i - a royal jelly
 z - a beef jerky
 B - 5 chunks of flesh


   Skills:
 + Level 5.3 Fighting
 * Level 6.3 Staves
 - Level 1.7 Throwing
 + Level 4.4 Armour
 + Level 4.1 Dodging


You had 7 spell levels left.
You didn't know any spells.

Dungeon Overview and Level Annotations

Branches:
Dungeon (5/15)             Temple (1/1) D:4

Altars:
Cheibriados
Dithmenos
Kikubaaqudgha
Nemelex Xobeh
Okawaru
Ru
Vehumet
Xom
Zin

Annotations:
D:3 kosy22's ghost, amateur TrFi
D:5 hadoken's ghost, novice DECj


Innate Abilities, Weirdness & Mutations

You are resistant to torment.
Your stone body is resilient (AC +5).
You are immune to poison.
You resist negative energy.
You are resistant to electric shocks.
You can survive without breathing.
You are immune to petrification.
You are immune to rotting.


Message History

Hadoken's ghost hits you but does no damage.
You hit hadoken's ghost but do no damage.
Hadoken's ghost barely misses you.
You barely miss hadoken's ghost.
Hadoken's ghost points at you and mumbles some strange words.
The magic dart hits you!
You closely miss hadoken's ghost. Hadoken's ghost barely misses you.
You closely miss hadoken's ghost. Hadoken's ghost barely misses you.
You closely miss hadoken's ghost. Hadoken's ghost completely misses you.
You barely miss hadoken's ghost.
Hadoken's ghost gestures at you while chanting.
The orb of energy hits you!
* * * LOW HITPOINT WARNING * * *
The orb of energy explodes!
You hit hadoken's ghost.
Hadoken's ghost is lightly damaged.
Hadoken's ghost casts a spell at you. The orb of energy hits you!
Ouch! That really hurt!
You die...

#
#####....###...
### ##
#..............
#.###.
+.............
#..#..
##...........###
#.....
................
#.....
#...........#
#.....
#......W....#
####..
#......@....#
#..
#...........#
#..
#...........#
#####..
#...........#
#......
##.$.........#
#.####.
..........#####
#.# #.
#########.# #.#
#. #.# #.# #.
#.# #.# #.


You could see hadoken's ghost.

Vanquished Creatures
  Edmund (D:4)
  An ogre (D:5)
  A giant frog (D:4)
  4 elf skeletons (D:4)
  4 water moccasin zombies (Ossuary)
  Ijyb (D:2)
  2 hounds (D:4)
  An iguana (D:4)
  A big kobold zombie (Ossuary)
  2 mummies (Ossuary)
  5 adders
  An ooze (D:2)
  An adder skeleton (D:4)
  A worm (D:4)
  6 adder zombies (Ossuary)
  4 giant geckos
  An orc (D:2)
  4 giant cockroaches
  10 goblins
  8 hobgoblins
  9 jackals
  A ball python (D:4)
  9 bats
  3 giant newts
  5 gnoll zombies (Ossuary)
  5 hobgoblin zombies (Ossuary)
  A jackal skeleton (D:4)
  12 kobolds
  4 kobold zombies (Ossuary)
  2 orc skeletons (D:4)
  3 orc zombies (Ossuary)
  2 quokkas (D:4)
  9 rats
124 creatures vanquished.

Notes
Turn   | Place    | Note
--------------------------------------------------------------
     0 | D:1      | septik the Gargoyle Gladiator began the quest for the Orb.
     0 | D:1      | Reached XP level 1. HP: 12/12 MP: 1/1
   201 | D:1      | Reached XP level 2. HP: 18/18 MP: 2/2
   606 | D:1      | Reached XP level 3. HP: 22/22 MP: 3/3
   671 | D:2      | Reached skill level 1 in Armour
   949 | D:2      | Noticed Ijyb
   966 | D:2      | Killed Ijyb
   966 | D:2      | Reached XP level 4. HP: 24/28 MP: 4/4
  1202 | D:2      | Found an ancient bone altar of Kikubaaqudgha.
  1274 | D:2      | Found a snail-covered altar of Cheibriados.
  1829 | D:3      | Noticed kosy22's ghost (amateur TrFi)
  1894 | D:4      | Reached skill level 4 in Staves
  1894 | D:4      | Reached XP level 5. HP: 3/33 MP: 5/5
  2186 | D:4      | Reached XP level 6. HP: 34/38 MP: 6/6
  2190 | D:4      | Found a sand-covered staircase.
  2218 | Ossuary  | Entered an ossuary
  2460 | Ossuary  | Reached skill level 5 in Staves
  2484 | Ossuary  | Reached XP level 7. HP: 14/44 MP: 7/7
  3132 | D:4      | Found a shadowy altar of Dithmenos.
  3273 | D:4      | Noticed Edmund
  3314 | D:4      | Killed Edmund
  3314 | D:4      | Reached skill level 5 in Fighting
  3433 | D:4      | Found a staircase to the Ecumenical Temple.
  3442 | Temple   | Entered the Ecumenical Temple
  3769 | Temple   | Became a worshipper of Warmaster Okawaru
  3841 | D:4      | Reached skill level 6 in Staves
  3871 | D:4      | Noticed a giant frog
  3878 | D:4      | Killed a giant frog
  3878 | D:4      | Reached XP level 8. HP: 49/49 MP: 8/8
  4247 | D:5      | Entered Level 5 of the Dungeon
  4374 | D:5      | Noticed hadoken's ghost (novice DECj)
  4386 | D:5      | Killed from afar by hadoken's ghost

Action                   |  1- 3 |  4- 6 |  7- 9 || total
-------------------------+-------+-------+-------++-------
Melee: Quarterstaff      |   140 |   231 |   225 ||   596
Throw: Throwing net      |       |       |     2 ||     2
  Use: Potion            |       |       |     1 ||     1
 Stab: Held in net/web   |       |       |     2 ||     2
  Eat: Chunk             |       |     2 |     5 ||     7
       Meat ration       |       |     1 |       ||     1
